 Dungeon Crawl Stone Soup version 0.27-a0-1188-g73eefd5def (webtiles) character file.

Game seed: 12033074825968302576

26952 chippings the Basher (level 13, -3/98 HPs)
             Began as a Mummy Gladiator on May 20, 2021.
             Was an Elder of Makhleb.
             Slain by a seven-headed hydra (15 damage)
             ... on level 4 of the Lair of Beasts.
             The game lasted 00:43:09 (20746 turns).

chippings the Basher (Mummy Gladiator)             Turns: 20746, Time: 00:43:10

Health: -3/98      AC:  7    Str: 24    XL:     13   Next: 1%
Magic:  20/20      EV: 16    Int: 16    God:    Makhleb [****..]
Gold:   1059       SH:  0    Dex: 18    Spells: 10/12 levels left

rFire    x . .     SeeInvis +   y - +4 flail
rCold    + . .     Faith    .   (no shield)
rNeg     + + +     Spirit   .   c - +0 troll leather armour
rPois    ∞         Reflect  .   z - +2 hat
rElec    .         Harm     .   (no cloak)
rCorr    +         Rampage  .   p - +0 pair of gloves of the Thirsty Ears {Will+ rCorr Int+3 Dex+3}
Will     ++++.                  (no boots)
Stlth    +.........             r - amulet of the acrobat
HPRegen  1.26/turn              e - ring of Topoqy {Will++ Str+3 Int+6 SInv}
MPRegen  0.17/turn              j - +4 ring of slaying

@: studying Maces & Flails
A: cold resistance 1, negative energy resistance 3, torment resistance 2, heat
vulnerability 1, in touch with death 1, no potions
a: Renounce Religion, Minor Destruction, Lesser Servant of Makhleb, Major
Destruction


You were on level 4 of the Lair of Beasts.
You worshipped Makhleb.
Makhleb was greatly pleased with you.
You visited 4 branches of the dungeon, and saw 18 of its levels.

You collected 1059 gold pieces.

Inventory:

Hand Weapons
 k - a +1 vorpal mace
 m - a +1 whip of venom
 y - a +4 flail (weapon)
Missiles
 d - 4 throwing nets
 i - 65 poisoned darts (quivered)
 t - 6 javelins
 C - 3 atropa-tipped darts
Armour
 c - a +0 troll leather armour (worn)
 f - a +0 kite shield
 p - the +0 pair of gloves of the Thirsty Ears (worn) {Will+ rCorr Int+3 Dex+3}
   (You found it on level 5 of the Dungeon)

   It affects your intelligence (+3).
   It affects your dexterity (+3).
   It protects you from acid and corrosion.
   It increases your willpower.
 z - a +2 hat (worn)
Magical Staves
 E - a staff of poison
Jewellery
 b - a ring of flight
 e - the ring of Topoqy (left hand) {Will++ Str+3 Int+6 SInv}
   (You found it on level 11 of the Dungeon)

   [ring of intelligence]

   It affects your strength (+3).
   It affects your intelligence (+6).
   It lets you see invisible.
   It greatly increases your willpower.
 j - a +4 ring of slaying (right hand)
 r - an amulet of the acrobat (around neck)
 x - a +4 ring of evasion
 D - a ring of ice
 I - a ring of wizardry
Wands
 l - a wand of charming (4)
 q - a wand of polymorph (10)
 s - a wand of flame (21)
 B - a wand of paralysis (23)
Scrolls
 a - 3 scrolls of torment
 g - 9 scrolls of identify
 n - 2 scrolls of magic mapping
 o - 3 scrolls of noise
 w - a scroll of silence
 G - a scroll of enchant armour
 K - a scroll of fog
Miscellaneous
 h - a condenser vane
 A - a piece from Xom's chessboard (15/15)
 F - a tin of tremorstones (inert)


   Skills:
 - Level 8.0 Fighting
 + Level 12.4 Maces & Flails
 - Level 1.5 Throwing
 - Level 8.0 Dodging
 + Level 10.1 Invocations
 + Level 6.1 Evocations


You had 10 spell levels left.
You knew the following spells:

 Your Spells              Type           Power      Damage    Failure   Level
a - Slow                  Hex            0%         N/A       41%         2

Your spell library contained the following spells:

 Spells                   Type           Power      Damage    Failure   Level
 Corona                   Hex            0%         N/A       28%         1
 Summon Small Mammal      Summ           0%         N/A       28%         1
 Call Imp                 Summ           0%         N/A       41%         2
 Call Canine Familiar     Summ           0%         N/A       65%         3
 Inner Flame              Hex/Fire       0%         N/A       65%         3
 Portal Projectile        Hex/Tloc       0%         N/A       65%         3
 Summon Guardian Golem    Hex/Summ       0%         N/A       65%         3
 Cause Fear               Hex            0%         N/A       96%         4
 Leda's Liquefaction      Hex/Erth       0%         N/A       96%         4
 Summon Ice Beast         Ice/Summ       0%         N/A       96%         4
 Summon Lightning Spire   Summ/Air       0%         N/A       96%         4
 Beastly Appendage        Tmut           Unusable   N/A       N/A         1
 Wereblood                Tmut           Unusable   N/A       N/A         2
 Spider Form              Tmut/Pois      Unusable   N/A       N/A         3
 Ice Form                 Ice/Tmut       Unusable   N/A       N/A         4
 Hydra Form               Tmut           Unusable   N/A       N/A         5

Dungeon Overview and Level Annotations

Branches:
Dungeon (12/15)            Temple (1/1) D:5            Lair (4/6) D:9
 Spider (0/4) Lair:4          Orc (1/2) D:10
  Swamp: Lair:2-4    Shoals: Lair:2-4

Altars:
Ashenzari
Cheibriados
Dithmenos
Elyvilon
Fedhas
Hepliaklqana
Kikubaaqudgha
Makhleb
Nemelex Xobeh
Qazlal
Ru
Sif Muna
Uskayaw
Wu Jian
Xom
Yredelemnul
Zin

Shops:
D:7 :=   D:9 *   D:10 :

Annotations:
D:12 Jorgrun


Innate Abilities, Weirdness & Mutations

You are immune to poison.
Your flesh is cold resistant. (rC+)
You are immune to negative energy. (rN+++)
You are immune to unholy pain and torment.
You are vulnerable to heat. (rF-)
You are in touch with the powers of death.
You do not drink.


Message History

Aim: a seven-headed hydra (lightly wounded)
The bolt of magma hits the seven-headed hydra!!
The seven-headed hydra is severely wounded.
You sock the seven-headed hydra!
The seven-headed hydra is almost dead.
The seven-headed hydra bites you!
The seven-headed hydra barely misses you.
The seven-headed hydra bites you. The seven-headed hydra misses you.
The seven-headed hydra bites you. x2; The seven-headed hydra bites you!
You hit the seven-headed hydra.
The seven-headed hydra is almost dead.
The seven-headed hydra bites you!
The seven-headed hydra completely misses you.
The seven-headed hydra bites you but does no damage.
The seven-headed hydra barely misses you.
The seven-headed hydra bites you! The seven-headed hydra bites you.
The seven-headed hydra closely misses you.
You hit the seven-headed hydra.
The seven-headed hydra is almost dead.
The seven-headed hydra bites you but does no damage.
The seven-headed hydra barely misses you.
The seven-headed hydra misses you.
The seven-headed hydra barely misses you.
The seven-headed hydra bites you. The seven-headed hydra bites you! x2
* * * LOW HITPOINT WARNING * * *
A six-headed hydra comes into view.
The six-headed hydra roars!
You hear a loud, deep croak!
You hear an angry hiss.
A bullfrog comes into view.
A black mamba comes into view.
A water moccasin comes into view.
Found a scroll of magic mapping.
The seven-headed hydra misses you.
The seven-headed hydra completely misses you. x2
The seven-headed hydra misses you. x2
The seven-headed hydra completely misses you. x2
Found a hole to the Spider Nest.
A demon appears!
The seven-headed hydra bites you!
* * * LOW HITPOINT WARNING * * *
The seven-headed hydra misses you. The seven-headed hydra bites you!
You die...

.....>..#
..........###
.#...........##
..............##
...............#
#.$............#
#P.......)...#
..........@4# .
........<.D## ...
...........#.....
..................
..........F......#
..(.......D.S.....
..................
.P(...............
..P(...........S..


You could see a seven-headed hydra (ally target), a six-headed hydra, a water
moccasin, a bullfrog and a friendly hellwing (summoned).

Vanquished Creatures
  5 slime creatures
  Fannar (Lair:1)
  2 boulder beetles
  3 hydras
  A centaur warrior (D:11)
  3 two-headed ogres
  Nergalle (D:10)
  A black mamba (Lair:1)
  4 cane toads
  Psyche (D:11)
  3 rime drakes
  7 komodo dragons
  3 trolls
  A queen bee (D:9)
  Prince Ribbit (D:9)
  5 blink frogs
  A meliai zombie (D:11)
  4 wraiths
  A wyvern (D:7)
  14 yaks
  A basilisk (Lair:2)
  2 steam dragons
  Grum (D:9)
  An acid dragon (D:11)
  9 water moccasins
  A swamp drake (D:10)
  A hornet zombie (D:6)
  6 orc warriors
  3 black bears
  An ice beast (D:7)
  5 ogres
  A necrophage (D:4)
  2 wolves (D:8)
  14 centaurs
  A kobold brigand (D:9)
  A phantom (D:4)
  A wyvern zombie (D:9)
  A gnoll sergeant (D:12)
  2 scorpions
  11 bullfrogs
  24 killer bees
  16 wights
  4 howler monkeys
  3 centaur zombies
  A bullfrog zombie (D:5)
  5 hounds
  5 orc priests
  2 centaur skeletons
  A human zombie (D:4)
  A gnoll shaman (D:7)
  2 jellies
  A bullfrog skeleton (D:6)
  3 iguanas
  10 orc wizards
  2 killer bee zombies (D:6)
  2 hound zombies (D:4)
  A mummy (D:4)
  3 howler monkey zombies
  Robin (D:4)
  7 gnolls
  A howler monkey skeleton (D:4)
  6 adders
  2 shadow imps
  A white imp (D:5)
  An ufetubus (D:4)
  3 adder zombies (D:4)
  2 adder skeletons (D:4)
  A worm (D:3)
  A dart slug (D:1)
  31 orcs
  7 ball pythons
  2 bats (D:2)
  8 endoplasms
  2 giant cockroaches
  13 goblins
  7 hobgoblins
  5 jackals
  12 kobolds
  6 quokkas
  A frilled lizard (D:3)
  5 rats
338 creatures vanquished.

Vanquished Creatures (collateral kills)
  A wight (D:6)
  An orc priest (D:10)
  An orc (D:10)
3 creatures vanquished.

Vanquished Creatures (others)
  A human (D:3)
  A jelly (D:4)
  10 fungi
  17 plants
29 creatures vanquished.

Grand Total: 370 creatures vanquished

Notes
Turn   | Place    | Note
-------+----------+-------------------------------------------
     0 | D:1      | chippings the Mummy Gladiator began the quest for the Orb.
     0 | D:1      | Reached XP level 1. HP: 16/16 MP: 1/1
   481 | D:1      | Reached XP level 2. HP: 22/22 MP: 2/2
   574 | D:1      | Reached skill level 3 in Maces & Flails
   929 | D:2      | Reached XP level 3. HP: 28/28 MP: 3/3
  1567 | D:2      | Reached XP level 4. HP: 15/34 MP: 4/4
  2476 | D:3      | Found a snail-covered altar of Cheibriados.
  2707 | D:3      | Reached skill level 4 in Maces & Flails
  2898 | D:3      | Reached XP level 5. HP: 36/41 MP: 5/5
  2956 | D:3      | Found an ancient bone altar of Kikubaaqudgha.
  2957 | D:3      | Noticed a human
  2960 | D:3      | Killed a human
  3635 | D:4      | Reached XP level 6. HP: 48/48 MP: 6/6
  3660 | D:4      | Reached skill level 5 in Maces & Flails
  3801 | D:4      | Found a burning altar of Makhleb.
  3802 | D:4      | Noticed Robin
  3836 | D:4      | Killed Robin
  3875 | D:4      | Became a worshipper of Makhleb the Destroyer
  3973 | D:4      | Reached skill level 1 in Evocations
  4425 | D:3      | Reached skill level 1 in Invocations
  4425 | D:3      | Reached XP level 7. HP: 44/55 MP: 7/7
  4790 | D:4      | Found a basalt altar of Yredelemnul.
  4826 | D:4      | Reached skill level 5 in Fighting
  4826 | D:4      | Reached skill level 6 in Maces & Flails
  4912 | D:4      | Found a shadowy altar of Dithmenos.
  5062 | D:4      | Reached * piety under Makhleb
  5063 | D:4      | Reached XP level 8. HP: 40/62 MP: 9/9
  5359 | D:5      | Entered Level 5 of the Dungeon
  5450 | D:5      | Found a sacrificial altar of Ru.
  5653 | D:5      | Found a staircase to the Ecumenical Temple.
  5659 | Temple   | Entered the Ecumenical Temple
  5782 | D:5      | Identified the -4 cloak "Foboc" {Rampage rPois}
  5850 | D:5      | Identified the +0 pair of gloves of the Thirsty Ears {Will+
                  | rCorr Int+3 Dex+3}
  6263 | D:6      | Found a shimmering blue altar of Sif Muna.
  6264 | D:6      | Found a hazy altar of Hepliaklqana.
  6850 | D:6      | Reached skill level 7 in Maces & Flails
  7089 | D:6      | Noticed a +0 dagger
  7089 | D:6      | Noticed a +0 spear
  7093 | D:6      | Noticed a +0 dagger
  7093 | D:6      | Noticed a +0 falchion
  7094 | D:6      | Noticed a +0 spear
  7096 | D:6      | Noticed a +0 short sword
  7099 | D:6      | Noticed a +0 short sword
  7100 | D:6      | Noticed a +0 falchion
  7113 | D:6      | Reached XP level 9. HP: 35/69 MP: 11/11
  7560 | D:6      | Found a hide-covered altar of Uskayaw.
  7725 | D:7      | Found Dairovu's Book Emporium.
  8168 | D:7      | Found a blossoming altar of Fedhas.
  8340 | D:7      | Reached skill level 8 in Maces & Flails
  8662 | D:7      | Found Oputo's Jewellery Boutique.
  8943 | D:8      | Reached ** piety under Makhleb
  9426 | D:9      | Noticed Prince Ribbit
  9454 | D:9      | Killed Prince Ribbit
  9519 | D:9      | Noticed a komodo dragon
  9542 | D:9      | Reached skill level 5 in Invocations
  9544 | D:9      | Reached XP level 10. HP: 54/79 MP: 13/13
  9995 | D:9      | Found a staircase to the Lair.
 10239 | D:9      | Noticed Grum
 10359 | D:9      | Killed Grum
 10563 | D:9      | Reached skill level 9 in Maces & Flails
 10918 | D:9      | Found Anioqaewn's Lightly-Used Armoury.
 11284 | Lair:1   | Entered Level 1 of the Lair of Beasts
 11307 | Lair:1   | Noticed a cane toad
 11322 | Lair:1   | Killed a cane toad
 11642 | Lair:1   | Reached skill level 5 in Dodging
 11897 | Lair:1   | Noticed a cane toad
 11904 | Lair:1   | Killed a cane toad
 11919 | Lair:1   | Reached XP level 11. HP: 42/86 MP: 14/16
 12365 | Lair:1   | Noticed Fannar
 12413 | Lair:1   | Noticed a four-headed hydra
 12475 | Lair:1   | Noticed a five-headed hydra
 12929 | D:10     | Entered Level 10 of the Dungeon
 13525 | Lair:1   | Killed a four-headed hydra
 13842 | Lair:1   | Killed Fannar
 14126 | Lair:2   | Reached skill level 10 in Maces & Flails
 14393 | Lair:2   | Reached *** piety under Makhleb
 14711 | Lair:2   | Noticed an eight-headed hydra
 14720 | Lair:2   | Killed an eight-headed hydra
 16356 | Lair:3   | Noticed a death yak
 16363 | Lair:3   | Noticed a death yak
 16388 | Lair:3   | Noticed a death yak
 16804 | D:9      | Identified a scroll of acquirement
 16806 | D:9      | Acquired a manual of Maces & Flails
 16979 | D:10     | Reached XP level 12. HP: 92/92 MP: 18/18
 16983 | D:10     | Found a staircase to the Orcish Mines.
 17281 | D:10     | Found an ornate altar of the Wu Jian Council.
 17343 | D:10     | Found a stormy altar of Qazlal.
 17357 | D:10     | Found Ocegait's Book Shop.
 17745 | D:10     | Noticed a two-headed ogre
 17757 | D:10     | Killed a two-headed ogre
 17822 | D:10     | Reached skill level 11 in Maces & Flails
 17882 | D:10     | Noticed Nergalle
 17883 | D:10     | Noticed a two-headed ogre
 17911 | D:10     | Killed Nergalle
 17911 | D:10     | Reached **** piety under Makhleb
 17943 | D:10     | Killed a two-headed ogre
 18495 | Orc:1    | Entered Level 1 of the Orcish Mines
 19099 | D:11     | Noticed Psyche
 19099 | D:11     | Noticed a centaur warrior
 19115 | D:11     | Killed Psyche
 19135 | D:11     | Killed a centaur warrior
 19577 | D:11     | Noticed a six-headed hydra
 19580 | D:11     | Noticed a boulder beetle
 19593 | D:11     | Killed a six-headed hydra
 19594 | D:11     | Reached skill level 5 in Evocations
 19596 | D:11     | Killed a boulder beetle
 19733 | D:11     | Identified the ring of Topoqy {Will++ Str+3 Int+6 SInv}
 19741 | D:11     | Learned a level 2 spell: Slow
 19783 | D:11     | Reached skill level 12 in Maces & Flails
 19945 | D:12     | Noticed a boulder beetle
 19980 | D:12     | Killed a boulder beetle
 20028 | D:12     | Found a shimmering altar of Xom.
 20029 | D:12     | Found a shimmering altar of Xom.
 20029 | D:12     | Found a shimmering altar of Xom.
 20031 | D:12     | Found a shimmering altar of Xom.
 20185 | D:11     | Reached skill level 10 in Invocations
 20451 | D:12     | Noticed a two-headed ogre
 20508 | D:12     | Killed a two-headed ogre
 20509 | D:12     | Gained mutation: You are in touch with the powers of death.
                  | [Mummy growth]
 20509 | D:12     | Reached XP level 13. HP: 74/98 MP: 20/20
 20580 | D:12     | Noticed Jorgrun
 20745 | Lair:4   | Found a hole to the Spider Nest.
 20746 | Lair:4   | Slain by a seven-headed hydra

Illustrated notes

Levels and vault maps discovered:
D:1:      minmay_arrival_hallway, layout_basic, chequers_hall_statues_wall_a,
          minmay_misc_feat_diagonals, minmay_pentomino_x4
D:2:      layout_basic, basic_altar
D:3:      layout_basic, slow_altar_1, tgw_kikubaaqudgha
D:4:      layout_loops_ring, lemuel_mausoleum_altar_yredelemnul,
          kennysheep_little_box, lightli_temple_of_fire, uniq_robin
D:5:      layout_loops_ring, amethyst_overflow_temple_binary,
          minmay_temple_entry_tees, hangedman_decor_opposing
D:6:      layout_cave_pools, nicolae_uskayaw_en_pointe,
          chequers_temple_overflow_statue_of_worship
D:7:      layout_basic, fedhas_altar_fruit_tree, serial_shops, kennysheep_mini,
          shop
D:8:      layout_loops_cross
D:9:      layout_gridville, grunt_lair_entry_orc_guard_hut, special_room
          [special_room_bee], minmay_shop_damaged, uniq_grum,
          uniq_prince_ribbit1
D:10:     layout_grid_maze, nicolae_qazlal_general_emergency,
          old_standard_altar, erik_orc_1, serial_shops, nicolae_shop_stone,
          billiards_dpeg, uniq_nergalle
D:11:     layout_basic, uniq_psyche
D:12:     layout_stronghold, xom_redecorated, uniq_jorgrun
Temple:   compressed_dpeg_triangle_lava_temple
Lair:1:   wad_woods_structure_01, layout_long_grid, uniq_fannar
Lair:2:   layout_roguey
Lair:3:   layout_chaotic_city, grunt_megastairs_2, serial_bayou_shore_b
Lair:4:   regret_index_combs_of_tragedy, layout_cave_shapes,
          minmay_swamp_entry_eels, dummy_spider_entry,
          chequers_serial_rivers_micro_e, minmay_stone_trees_large,
          roderic_batcave, minivault_19, beast_lair_carwin_6,
          serial_bayou_shore_b, lemuel_fruit_tree
Orc:1:    layout_caves

Skill      XL: |  1  2  3  4  5  6  7  8  9 10 11 12 |
---------------+-------------------------------------+-----
Maces & Flails | 3 4 5 6 7 8 9 10 12 | 12.4
Fighting       | 3 4 5 6 7 8 |  8.0
Evocations     | 1 2 3 4 6 |  6.1
Invocations    | 1 2 3 5 6 8 10 | 10.1
Dodging        | 3 5 7 8 |  8.0
Throwing       | |  1.5

Action                   |  1- 3 |  4- 6 |  7- 9 | 10-12 | 13-15 || total
-------------------------+-------+-------+-------+-------+-------++-------
Melee: Flail             |    79 |    57 |    50 |   387 |     3 ||   576
       Whip              |       |   141 |   113 |   537 |       ||   791
       Mace              |       |       |   169 |       |       ||   169
Throw: Dart              |       |       |     4 |     1 |       ||     5
Invok: Minor Destruction |       |       |       |    41 |     3 ||    44
       Lesser Servant of |       |       |       |     1 |     1 ||     2
       Major Destruction |       |       |       |       |     1 ||     1
Evoke: Wand              |       |     1 |     1 |    11 |       ||    13
       Tin of tremorston |       |       |       |     3 |       ||     3
       Piece from Xom's  |       |       |       |     2 |       ||     2
  Use: Scroll            |     1 |     5 |     4 |     9 |     1 ||    20
 Stab: Paralysed         |       |       |       |    25 |       ||    25
       Confused          |       |       |       |     2 |       ||     2
       Distracted        |       |       |       |     1 |       ||     1
Armor: Ring mail         |    38 |    17 |       |       |       ||    55
       Leather armour    |       |    57 |    94 |    79 |       ||   230
       Ice dragon scales |       |       |       |    52 |       ||    52
       Troll leather arm |       |       |       |    35 |     2 ||    37
Dodge: Dodged            |    60 |   122 |   283 |   851 |    16 ||  1332

Table legend: (Time is in decaauts)
 A = Elapsed time spent in this place.
 B = Non-inter-level travel time spent in this place.
 C = Inter-level travel time spent in this place.
 D = Time resting spent in this place.
 E = Time spent auto-exploring this place.
 F = Levels seen in this place.
 G = Mean time per level.
                   A        B        C        D        E       F      G
               +--------+--------+--------+--------+--------+-----+--------+
         Total |  20488 |  19811 |    677 |   3377 |  11552 |  18 | 1138.2 |
       Dungeon |  15787 |  15305 |    482 |   2825 |   8691 |  12 | 1315.6 |
        Temple |      1 |      1 |      0 |      0 |      0 |   1 |    1.0 |
          Lair |   4421 |   4227 |    194 |    552 |   2697 |   4 | 1105.2 |
  Orcish Mines |    278 |    278 |      0 |      0 |    164 |   1 |  278.0 |
               +--------+--------+--------+--------+--------+-----+--------+

Top non-repeatable levels by time:
  Lair:1: 2336 daAuts
     D:9: 2244 daAuts
    D:10: 2021 daAuts
     D:2: 1592 daAuts
     D:4: 1476 daAuts
     D:8: 1320 daAuts
     D:6: 1253 daAuts
     D:3: 1243 daAuts
  Lair:2: 1111 daAuts
     D:5: 1109 daAuts
     D:1: 1071 daAuts
     D:7: 961 daAuts
  Lair:3: 960 daAuts
    D:11: 902 daAuts
    D:12: 591 daAuts
